 Dungeon Crawl Stone Soup version 0.29-a0-732-g3d7fbe0af2 (webtiles) character file.

Game seed: 8461599889440551644

623 blackman the Cleaver (level 7, -1/57 HPs)
             Began as a Hill Orc Monk on June 29, 2022.
             Was a Believer of Beogh.
             Slain by an ogre
             ... wielding a +0 giant spiked club
              (28 damage)
             ... on level 6 of the Dungeon.
             The game lasted 00:09:20 (4589 turns).

blackman the Cleaver (Hill Orc Monk)                Turns: 4589, Time: 00:09:21

Health: -1/57      AC: 11    Str: 16    XL:     7   Next: 47%
Magic:  7/7        EV:  7    Int: 10    God:    Beogh [**....]
Gold:   399        SH:  0    Dex: 13    Spells: 6/6 levels left

rFire   . . .      SeeInvis .   q - +2 dagger (venom)
rCold   . . .      Faith    +   (no shield)
rNeg    . . .      Spirit   .   m - +0 chain mail
rPois   .          Reflect  .   (no helmet)
rElec   .          Harm     .   w - +0 cloak
rCorr   .          Rampage  .   v - +1 pair of gloves
Will    +....                   (no boots)
Stlth   ..........              p - amulet of faith
HPRegen 0.19/turn               f - ring of willpower
MPRegen 0.10/turn               (no ring)

@: no status effects
A: no striking features
a: Renounce Religion, Smiting


You were on level 6 of the Dungeon.
You worshipped Beogh.
Beogh was pleased with you.
You visited 1 branch of the dungeon, and saw 6 of its levels.

You collected 399 gold pieces.

Inventory:

Hand Weapons
 a - a +0 hand axe
 h - a +0 war axe
 q - a +2 dagger of venom (weapon)
Missiles
 d - 4 poisoned darts (quivered)
Armour
 b - a +0 robe
 i - a +0 scale mail
 m - a +0 chain mail (worn)
 v - a +1 pair of gloves (worn)
 w - a +0 cloak (worn)
Jewellery
 f - a ring of willpower (left hand)
 n - an amulet of regeneration
 p - an amulet of faith (around neck)
Scrolls
 j - 2 scrolls of teleportation
 k - a scroll of vulnerability
 u - 2 scrolls of fear
Potions
 c - a potion of ambrosia
 e - 2 potions of attraction
 g - a potion of curing {unknown}
 l - 2 potions of heal wounds
 o - a potion of mutation {unknown}
 r - a potion of haste
 s - 3 potions of magic
 t - a potion of brilliance {unknown}
 x - 2 potions of might
 z - a potion of lignification {unknown}


   Skills:
 - Level 3.6 Fighting
 + Level 11.0 Axes
 - Level 2.4 Dodging
 - Level 1.5 Stealth


You had 6 spell levels left.
You didn't know any spells.
Your spell library contained the following spells:

 Spells                   Type           Power      Damage    Failure   Level
 Magic Dart               Conj           0%         1d3       100%        1
 Call Imp                 Summ           0%         N/A       100%        2
 Searing Ray              Conj           0%         2d4       100%        2
 Static Discharge         Conj/Air       0%         N/A       100%        2
 Gell's Gravitas          Tloc           0%         N/A       100%        3
 Lesser Beckoning         Tloc           0%         N/A       100%        3
 Mephitic Cloud           Conj/Pois/Air  0%         N/A       100%        3
 Teleport Other           Tloc           0%         N/A       100%        3
 Dispel Undead            Necr           0%         3d6       100%        4
 Fulminant Prism          Conj/Hex       0%         3d6       100%        4
 Iskenderun's Mystic Bla  Conj/Tloc      0%         2d3       100%        4
 Sticky Flame             Conj/Fire      0%         2d3       100%        4
 Lee's Rapid Deconstruct  Erth           0%         3d5*      100%        5


Dungeon Overview and Level Annotations

Branches:
Dungeon (6/15)             Temple (0/1) D:5

Altars:
Dithmenos
Hepliaklqana
Okawaru
Qazlal
Sif Muna
The Shining One

Shops:
D:3 (


Message History

Done exploring.
There is a stone staircase leading down here.
You climb downwards.
Found a scale mail.
Found a stone staircase leading down.
There is a stone staircase leading up here.
You can't go down here!
An adder comes into view.
The adder hisses angrily.
You hit the adder.
The adder is poisoned.
The adder is moderately wounded.
The adder bites you but does no damage.
You hit the adder.
The adder looks as sick as possible!
The adder is heavily wounded.
The adder bites you. The adder bites you but does no damage.
You hit the adder.
The adder is severely wounded.
You kill the adder!
Beogh accepts your kill.
Your Axes skill increases to level 11!
HP restored.
Key pressed, stopping explore.
No target in view!
You now have 399 gold pieces (gained 31).
An ogre comes into view. It is wielding a +0 giant spiked club.
The ogre shouts!
The ogre hits you with a +0 giant spiked club!
You hit the ogre.
The ogre is poisoned.
The ogre is lightly wounded.
You hit the ogre.
The ogre is moderately wounded.
The ogre hits you with a +0 giant spiked club!
You are too injured to fight recklessly!
You are too injured to fight recklessly!
Hit: q) +2 dagger (venom)
Press: ? - help, Dir - move target, f - ogre
Aim: an ogre, wielding a +0 giant spiked club (heavily wounded, very poisoned, about 22% to evade your +2 dagger of venom)
You hit the ogre.
The ogre is heavily wounded.
The ogre hits you with a +0 giant spiked club!!
You die...

.# # ..###.#####
...#.#....#
..........#
..........#
..≈....≈...##.#
........O.# #.#
....≈≈..@.# #.#
....≈≈....# #.#
########
..........###.#
#.....<.
..≈....≈...##.#
#.######
...........##.####.#
...................#
............########
######......#
########


You could see an ogre (very poisoned).

Vanquished Creatures
  2 ice beasts
  A necrophage (D:4)
  4 hounds
  Jessica (D:2)
  2 iguanas
  An orc wizard (D:4)
  7 adders
  A white imp (D:5)
  An ufetubus (D:4)
  3 worms
  2 dart slugs
  4 orcs
  5 endoplasms
  3 giant cockroaches
  10 goblins
  10 hobgoblins
  4 kobolds
  2 quokkas
  8 ball pythons
  9 bats
  6 frilled lizards
  9 rats
95 creatures vanquished.

Vanquished Creatures (others)
  2 orcs (D:4)
2 creatures vanquished.

Grand Total: 97 creatures vanquished

Notes
Turn   | Place    | Note
-------+----------+-------------------------------------------
     0 | D:1      | blackman the Hill Orc Monk began the quest for the Orb.
     0 | D:1      | Reached XP level 1. HP: 19/19 MP: 1/1
   248 | D:1      | Reached XP level 2. HP: 23/26 MP: 2/2
   612 | D:1      | Reached skill level 5 in Axes
   993 | D:1      | Reached XP level 3. HP: 17/31 MP: 3/3
  1545 | D:2      | Noticed Jessica
  1552 | D:2      | Killed Jessica
  1553 | D:2      | Reached skill level 6 in Axes
  1553 | D:2      | Reached XP level 4. HP: 27/39 MP: 4/4
  1953 | D:3      | Reached skill level 7 in Axes
  2050 | D:3      | Noticed an ice beast
  2072 | D:3      | Killed an ice beast
  2073 | D:3      | Reached skill level 8 in Axes
  2073 | D:3      | Reached XP level 5. HP: 45/45 MP: 5/5
  2121 | D:3      | Found Ofublu's Antique Weapon Shoppe.
  2142 | D:3      | Found a hazy altar of Hepliaklqana.
  2145 | D:3      | Found a glowing golden altar of the Shining One.
  2145 | D:3      | Found a stormy altar of Qazlal.
  2616 | D:4      | Reached XP level 6. HP: 51/51 MP: 6/6
  2624 | D:4      | Found a shimmering blue altar of Sif Muna.
  2648 | D:4      | Reached skill level 9 in Axes
  3039 | D:4      | Noticed an ice beast
  3053 | D:4      | Killed an ice beast
  3054 | D:4      | Reached skill level 10 in Axes
  3054 | D:4      | Reached XP level 7. HP: 51/57 MP: 7/7
  3272 | D:4      | Became a worshipper of Beogh the Brigand
  3272 | D:4      | Reached * piety under Beogh
  3272 | D:4      | Reached ** piety under Beogh
  3503 | D:5      | Entered Level 5 of the Dungeon
  3847 | D:5      | Found a shadowy altar of Dithmenos.
  4160 | D:5      | Found an iron altar of Okawaru.
  4327 | D:5      | Found a staircase to the Ecumenical Temple.
  4570 | D:6      | Reached skill level 11 in Axes
  4589 | D:6      | Slain by an ogre

Illustrated notes

Levels and vault maps discovered:
D:1:      grunt_arrival_crossed_arrows, layout_loops_ring,
          shapermc_ecumenical_altar_petra, grunt_decor_fettered
D:2:      layout_basic, uniq_jessica
D:3:      layout_loops_cross, nicolae_overflow_hidden_temple, serial_shops,
          nicolae_shop_hallway_stairs, chequers_serial_rivers_room_b,
          nicolae_underground_beach
D:4:      layout_loops_corners, kennysheep_mini_moat
D:5:      layout_loops_corners, mainiacjoe_overflow_chevrons,
          amcnicky_altar_gilded, minmay_temple_entry_enclosed_plants
D:6:      nicolae_BIG_FREAKIN_CUBE, layout_loops_ring,
          mainiacjoe_overflow_boulevard, general_overflow_altar,
          skrybe_limestone_x, grunt_ministairs_1, uniq_eustachio

Skill      XL: |  1  2  3  4  5  6  7 |
---------------+----------------------+-----
Axes           | 5 6 8 10 11 | 11.0
Fighting       | |  3.6
Dodging        | |  2.4
Stealth        | |  1.5

Action                   |  1- 3 |  4- 6 |  7- 9 || total
-------------------------+-------+-------+-------++-------
Melee: Hand axe          |    43 |       |       ||    43
       War axe           |    49 |    20 |       ||    69
       Dagger            |       |   139 |    62 ||   201
       Punch             |       |     2 |     1 ||     3
Throw: Dart              |       |     2 |       ||     2
Invok: Convert to Beogh  |       |       |     1 ||     1
  Use: Scroll            |       |     5 |     2 ||     7
 Stab: Sleeping          |     2 |       |       ||     2
Armor: Robe              |    10 |       |       ||    10
       Scale mail        |     4 |       |       ||     4
       Chain mail        |    24 |   100 |    38 ||   162
Dodge: Dodged            |    45 |    48 |    23 ||   116

Table legend: (Time is in decaauts)
 A = Elapsed time spent in this place.
 B = Non-inter-level travel time spent in this place.
 C = Inter-level travel time spent in this place.
 D = Time resting spent in this place.
 E = Time spent auto-exploring this place.
 F = Levels seen in this place.
 G = Mean time per level.
                   A        B        C        D        E       F      G
               +--------+--------+--------+--------+--------+-----+--------+
         Total |   4605 |   4433 |    172 |    175 |   3513 |   6 |  767.5 |
       Dungeon |   4605 |   4433 |    172 |    175 |   3513 |   6 |  767.5 |
               +--------+--------+--------+--------+--------+-----+--------+

Top non-repeatable levels by time:
     D:1: 1250 daAuts
     D:5: 1048 daAuts
     D:4: 903 daAuts
     D:3: 773 daAuts
     D:2: 593 daAuts
     D:6: 36 daAuts
